Stars vs Sharks

Created - 30 janvier 2021 at 14:06

Goals
1 2 3 OT1 T
Stars 1 0 1 0 2
Sharks 0 2 0 1 3
Shots
1 2 3 OT1 T
Stars 4 13 15 0 32
Sharks 12 7 4 1 24

1st period

1. Stars , Brendan Gallagher 7 (Mikko Rantanen 26, Adam Henrique 12) at 16:45

Penalties :
Thomas Chabot (DAL) for Roughing (Minor) at 10:41

2nd period

2. Sharks , Teuvo Teravainen 10 (Dylan Larkin 14) at 0:37
3. Sharks , Boone Jenner 12 (Robert Thomas 6) at 16:30

Penalties :
Mike Green (DAL) for Roughing (Minor) at 3:07, Ryan Strome (DAL) for Kneeing (Minor) at 8:41

3rd period

4. Stars , Ryan Strome 13 (Thomas Chabot 14, Paul Byron 10) at 5:27

Penalties :
No Penalty

Overtime #1

5. Sharks , Jonathan Huberdeau 7 (Teuvo Teravainen 15, Sidney Crosby 13) at 1:31

Penalties :
No Penalty

Goalie Stats

Jaroslav Halak (DAL), 21 saves from 24 shots - (0,875), OTL, 16-6-4, 61:31 minutes
Darcy Kuemper (SJS), 30 saves from 32 shots - (0,938), W, 15-5-1, 61:31 minutes

Players Stats for Stars

Player Name              G  A  P  +/- PIM S  H  SB GA TA FO     MP     PP MP  PK MP  
------------------------------------------------------------------------------------
Adam Henrique            0  1  1  -1  0   1  3  0  0  1  13/23  20:14   0:00   1:34 
Alan Quine               0  0  0   0  0   0  0  0  0  0  0/0     9:14   0:00   0:00 
Alec Martinez            0  0  0  -1  0   1  1  0  0  0  0/0    15:46   0:00   2:38 
Brandon Sutter           0  0  0   0  0   0  0  0  1  0  0/0    10:06   0:00   0:40 
Brendan Gallagher        1  0  1  -1  0   4  3  1  1  1  2/3    20:14   0:00   1:34 
Chris Tanev              0  0  0   0  0   2  2  0  0  1  0/0    28:17   0:00   3:50 
Derrick Pouliot          0  0  0  -1  0   2  0  1  0  0  0/0    13:53   0:00   0:34 
Dylan Strome             0  0  0   0  0   2  0  0  2  0  6/6    12:10   0:00   0:00 
J.T. Compher             0  0  0   0  0   2  1  1  0  0  5/12   16:16   0:00   1:07 
Joe Thornton             0  0  0   0  0   2  0  0  0  0  2/4    11:17   0:00   1:29 
Marc Staal               0  0  0   0  0   0  3  1  0  1  0/0    19:31   0:00   2:07 
Mike Green               0  0  0   0  2   0  2  0  0  1  0/0    16:44   0:00   0:00 
Mikko Rantanen           0  1  1   0  0   4  0  1  0  0  1/3    21:45   0:00   3:16 
Paul Byron               0  1  1   0  0   3  1  2  0  1  0/0    14:33   0:00   0:00 
Richard Panik            0  0  0   0  0   2  0  0  2  0  0/0    11:34   0:00   0:00 
Ryan Strome              1  0  1   0  2   3  2  1  2  1  0/3    17:31   0:00   2:14 
Sam Lafferty             0  0  0   0  0   0  1  0  0  0  0/0    12:05   0:00   0:00 
Thomas Chabot            0  1  1   1  2   4  2  3  0  1  0/0    27:23   0:00   2:45 

Players Stats for Sharks

Player Name              G  A  P  +/- PIM S  H  SB GA TA FO     MP     PP MP  PK MP  
------------------------------------------------------------------------------------
Alex Pietrangelo         0  0  0   0  0   2  1  1  0  2  0/0    26:45   3:24   0:00 
Andreas Johnsson         0  0  0  -1  0   0  1  1  0  0  1/1    17:33   0:01   0:00 
Boone Jenner             1  0  1   1  0   4  2  1  1  0  7/14   20:04   2:43   0:00 
Brendan Gaunce           0  0  0   0  0   0  0  0  0  0  0/0     7:40   0:00   0:00 
Colton Sceviour          0  0  0   0  0   0  0  0  0  0  0/0     1:41   0:00   0:00 
Dylan Larkin             0  1  1  -1  0   0  3  0  0  0  7/14   19:24   3:13   0:00 
Gabriel Landeskog        0  0  0   0  0   2  1  1  1  0  0/1    21:47   3:13   0:00 
Jonathan Huberdeau       1  0  1   1  0   5  1  0  0  0  0/1    21:01   2:43   0:00 
Justin Braun             0  0  0   0  0   0  2  0  0  0  0/0    18:00   0:00   0:00 
Kenny Agostino           0  0  0   1  0   1  0  0  0  0  0/1    12:28   0:00   0:00 
Mark Borowiecki          0  0  0   1  0   2  3  4  1  0  0/0    23:12   2:33   0:00 
Michael Raffl            0  0  0   0  0   0  3  0  0  0  0/0     7:40   0:00   0:00 
Mirco Mueller            0  0  0   0  0   0  0  0  0  2  0/0    12:54   0:00   0:00 
Robert Thomas            0  1  1   1  0   3  0  0  1  0  1/1    13:11   0:01   0:00 
Shea Theodore            0  0  0   0  0   0  2  1  0  0  0/0    16:49   3:24   0:00 
Sidney Crosby            0  1  1   0  0   2  2  0  0  0  9/21   21:47   3:13   0:00 
Teuvo Teravainen         1  1  2   0  0   3  0  0  3  1  0/0    18:46   2:44   0:00 
Zach Werenski            0  0  0   0  0   0  0  1  1  3  0/0    23:51   2:33   0:00 

3 Stars

1 - Boone Jenner (SJS)
2 - Teuvo Teravainen (SJS)
3 - Jonathan Huberdeau (SJS)

Power Play

Stars - 0 on 0 Attempt(s) - 0,00%
Sharks - 0 on 3 Attempt(s) - 0,00%

Penalty Kill

Stars - 3 on 3 Attempt(s) - 100,00% - Score 0 goal in Penalty Kill
Sharks - 0 on 0 Attempt(s) - 0,00% - Score 0 goal in Penalty Kill

Team Stat

Stars - Hits : 21 - Faceoff Wins : 29 - Blocked Shots : 11 - Penalty Minutes : 6
Sharks - Hits : 21 - Faceoff Wins : 25 - Blocked Shots : 10 - Penalty Minutes : 0

Official

Referees : Jake Brenk and Shaun Davis
Linesman : Brandon Gawryletz and Brian Murphy

Game Notes

No Game Note

Finance

Level 1 -- Attendance: 4719 (78,65%) -- Ticket Income 471 900 $
Level 2 -- Attendance: 4800 (96,00%) -- Ticket Income 288 000 $
Level 3 -- Attendance: 2000 (100,00%) -- Ticket Income 70 000 $
Level 4 -- Attendance: 3984 (99,60%) -- Ticket Income 79 680 $
Luxury Box -- Attendance: 759 (75,90%) -- Ticket Income 151 800 $
Game was played at the Wananiche.
Total Attendance: 16262 (90,34%)
Total Ticket Income: 1 061 380 $
Other Income: 520 076 $
Total Income: 1 581 456 $

Stars

5 vs 5 Forward 
   Center                   Left Wing                Right Wing               Time % Phy DF OF 
 1 Adam Henrique            Mikko Rantanen           Brendan Gallagher        40     1   2  2  
 2 J.T. Compher             Paul Byron               Ryan Strome              30     1   2  2  
 3 Dylan Strome             Sam Lafferty             Richard Panik            20     1   2  2  
 4 Joe Thornton             Alan Quine               Brandon Sutter           10     1   2  2  

5 vs 5 Defense 
   Defense                  Defense                                           Time % Phy DF OF 
 1 Chris Tanev              Thomas Chabot                                     40     1   2  2  
 2 Marc Staal               Mike Green                                        30     1   2  2  
 3 Derrick Pouliot          Alec Martinez                                     20     1   2  2  
 4 Chris Tanev              Thomas Chabot                                     10     1   2  2  

PowerPlay Forward 
   Center                   Left Wing                Right Wing               Time % Phy DF OF 
 1 Ryan Strome              Mikko Rantanen           Adam Henrique            60     1   2  2  
 2 J.T. Compher             Paul Byron               Brendan Gallagher        40     1   2  2  

PowerPlay Defense
   Defense                  Defense                                           Time % Phy DF OF 
 1 Chris Tanev              Thomas Chabot                                     60     1   2  2  
 2 Marc Staal               Alec Martinez                                     40     1   2  2  

Penalty Kill 4 Players Forward 
   Center                   Wing                     Time % Phy DF OF 
 1 Ryan Strome              Mikko Rantanen           60     1   2  2  
 2 Adam Henrique            Brendan Gallagher        40     1   2  2  

Penalty Kill 4 Players Defense
   Defense                  Defense                  Time % Phy DF OF 
 1 Chris Tanev              Thomas Chabot            60     1   2  2  
 2 Marc Staal               Alec Martinez            40     1   2  2  

Penalty Kill - 3 Players Forward 
   Forward                                           Time % Phy DF OF 
 1 Brendan Gallagher                                 60     1   2  2  
 2 Mikko Rantanen                                    40     1   2  2  

Penalty Kill - 3 Players Defense
   Defense                  Defense                  Time % Phy DF OF 
 1 Chris Tanev              Thomas Chabot            60     1   2  2  
 2 Marc Staal               Mike Green               40     1   2  2  

4 vs 4 Forward 
   Center                   Wing                     Time % Phy DF OF 
 1 Mikko Rantanen           Brendan Gallagher        60     1   2  2  
 2 Adam Henrique            Ryan Strome              40     1   2  2  

4 vs 4 Defense
   Defense                  Defense                  Time % Phy DF OF 
 1 Chris Tanev              Thomas Chabot            60     1   2  2  
 2 Marc Staal               Alec Martinez            40     1   2  2  

Last Minutes Offensive
   Center                   Left Wing                Right Wing               Defense                  Defense                  
   Ryan Strome              Mikko Rantanen           Adam Henrique            Chris Tanev              Thomas Chabot            

Last Minutes Defensive
   Center                   Left Wing                Right Wing               Defense                  Defense                  
   J.T. Compher             Sam Lafferty             Brendan Gallagher        Alec Martinez            Marc Staal               

Goaltenders
Starting : Jaroslav Halak           
Backup : Dustin Tokarski          

Extra Forwards
Normal : Sam Lafferty, Dylan Strome, Joe Thornton - PP : Sam Lafferty, Dylan Strome - PK : Joe Thornton
Extra Defensemen
Normal : Derrick Pouliot, Alec Martinez, Marc Staal - PP : Derrick Pouliot - PK : Alec Martinez, Marc Staal
Penalty Shots
Ryan Strome, Mikko Rantanen, Adam Henrique, Brendan Gallagher, J.T. Compher
Custom OT Lines Forwards
Ryan Strome, Mikko Rantanen, Adam Henrique, Brendan Gallagher, J.T. Compher, Dylan Strome, Joe Thornton, Brandon Sutter, Paul Byron, Richard Panik
Custom OT Lines Defensemen
Chris Tanev, Thomas Chabot, Marc Staal, Mike Green, Derrick Pouliot

Scratches
Max Jones (Healthy), Gabriel Bourque (Healthy)

Sharks

5 vs 5 Forward 
   Center                   Left Wing                Right Wing               Time % Phy DF OF 
 1 Sidney Crosby            Jonathan Huberdeau       Gabriel Landeskog        32     0   2  3  
 2 Dylan Larkin             Andreas Johnsson         Teuvo Teravainen         28     0   2  3  
 3 Boone Jenner             Kenny Agostino           Robert Thomas            25     0   4  1  
 4 Boone Jenner             Brendan Gaunce           Michael Raffl            15     0   5  0  

5 vs 5 Defense 
   Defense                  Defense                                           Time % Phy DF OF 
 1 Alex Pietrangelo         Mark Borowiecki                                   38     0   4  1  
 2 Zach Werenski            Justin Braun                                      36     0   4  1  
 3 Shea Theodore            Mirco Mueller                                     21     0   5  0  
 4 Alex Pietrangelo         Zach Werenski                                     5      0   5  0  

PowerPlay Forward 
   Center                   Left Wing                Right Wing               Time % Phy DF OF 
 1 Sidney Crosby            Gabriel Landeskog        Dylan Larkin             55     0   0  5  
 2 Boone Jenner             Teuvo Teravainen         Jonathan Huberdeau       45     0   0  5  

PowerPlay Defense
   Defense                  Defense                                           Time % Phy DF OF 
 1 Alex Pietrangelo         Shea Theodore                                     55     0   1  4  
 2 Mark Borowiecki          Zach Werenski                                     45     0   1  4  

Penalty Kill 4 Players Forward 
   Center                   Wing                     Time % Phy DF OF 
 1 Boone Jenner             Colton Sceviour          55     0   5  0  
 2 Brendan Gaunce           Michael Raffl            45     0   5  0  

Penalty Kill 4 Players Defense
   Defense                  Defense                  Time % Phy DF OF 
 1 Alex Pietrangelo         Zach Werenski            55     0   5  0  
 2 Mark Borowiecki          Justin Braun             45     0   5  0  

Penalty Kill - 3 Players Forward 
   Forward                                           Time % Phy DF OF 
 1 Colton Sceviour                                   55     0   5  0  
 2 Brendan Gaunce                                    45     0   5  0  

Penalty Kill - 3 Players Defense
   Defense                  Defense                  Time % Phy DF OF 
 1 Alex Pietrangelo         Zach Werenski            55     0   5  0  
 2 Mark Borowiecki          Justin Braun             45     0   5  0  

4 vs 4 Forward 
   Center                   Wing                     Time % Phy DF OF 
 1 Sidney Crosby            Gabriel Landeskog        55     0   3  2  
 2 Dylan Larkin             Jonathan Huberdeau       45     0   3  2  

4 vs 4 Defense
   Defense                  Defense                  Time % Phy DF OF 
 1 Alex Pietrangelo         Zach Werenski            55     0   4  1  
 2 Mark Borowiecki          Justin Braun             45     0   4  1  

Last Minutes Offensive
   Center                   Left Wing                Right Wing               Defense                  Defense                  
   Sidney Crosby            Gabriel Landeskog        Dylan Larkin             Alex Pietrangelo         Zach Werenski            

Last Minutes Defensive
   Center                   Left Wing                Right Wing               Defense                  Defense                  
   Sidney Crosby            Gabriel Landeskog        Dylan Larkin             Alex Pietrangelo         Zach Werenski            

Goaltenders
Starting : Darcy Kuemper            
Backup : Jake Allen               

Extra Forwards
Normal : Andreas Johnsson, Robert Thomas, Colton Sceviour - PP : Andreas Johnsson, Robert Thomas - PK : Colton Sceviour
Extra Defensemen
Normal : Shea Theodore, Mirco Mueller, Mark Borowiecki - PP : Shea Theodore - PK : Mirco Mueller, Mark Borowiecki
Penalty Shots
Sidney Crosby, Gabriel Landeskog, Dylan Larkin, Jonathan Huberdeau, Teuvo Teravainen
Custom OT Lines Forwards
Sidney Crosby, Gabriel Landeskog, Dylan Larkin, Jonathan Huberdeau, Teuvo Teravainen, Boone Jenner, Andreas Johnsson, Robert Thomas, Colton Sceviour, Kenny Agostino
Custom OT Lines Defensemen
Alex Pietrangelo, Zach Werenski, Mark Borowiecki, Justin Braun, Shea Theodore

Scratches
Dillon Dube (Healthy)

% Time on Ice - Stars

Lines # - Real PCT - Wanted PCT - Time Play
Normal Forward
1 - 34% - 40% - 18:37
2 - 27% - 30% - 14:38
3 - 21% - 20% - 11:34
4 - 17% - 10% - 9:14
Normal Defense
1 - 36% - 40% - 19:26
2 - 32% - 30% - 17:32
3 - 23% - 20% - 12:25
4 - 9% - 10% - 4:40
PP Forward
1 - 0% - 60%
2 - 0% - 40%
PP Defense
1 - 0% - 60%
2 - 0% - 40%
PK Forward
1 - 74% - 60% - 4:23
2 - 26% - 40% - 1:34
PK Defense
1 - 64% - 60% - 3:50
2 - 36% - 40% - 2:07
PK3 Forward
1 - 0% - 60%
2 - 0% - 40%
PK3 Defense
1 - 0% - 60%
2 - 0% - 40%
44 Forward
1 - 0% - 60%
2 - 0% - 40%
44 Defense
1 - 0% - 60%
2 - 0% - 40%
Last Minute Offensive  - 0:00
Last Minute Defensive  - 0:00
Total
Forward - 60:00
Defense - 60:00

% Time on Ice - Sharks

Lines # - Real PCT - Wanted PCT - Time Play
Normal Forward
1 - 33% - 32% - 18:06
2 - 29% - 28% - 15:49
3 - 23% - 25% - 12:28
4 - 14% - 15% - 7:40
Normal Defense
1 - 38% - 38% - 20:25
2 - 34% - 36% - 18:38
3 - 24% - 21% - 12:54
4 - 4% - 5% - 2:06
PP Forward
1 - 54% - 55% - 3:13
2 - 46% - 45% - 2:44
PP Defense
1 - 57% - 55% - 3:24
2 - 43% - 45% - 2:33
PK Forward
1 - 0% - 55%
2 - 0% - 45%
PK Defense
1 - 0% - 55%
2 - 0% - 45%
PK3 Forward
1 - 0% - 55%
2 - 0% - 45%
PK3 Defense
1 - 0% - 55%
2 - 0% - 45%
44 Forward
1 - 0% - 55%
2 - 0% - 45%
44 Defense
1 - 0% - 55%
2 - 0% - 45%
Last Minute Offensive  - 0:00
Last Minute Defensive  - 0:00
Total
Forward - 60:00
Defense - 60:00

Play-by-Play

1st period


0:01 of 1st period - Adam Henrique wins face-off versus Gabriel Landeskog in neutral zone.
1:10 of 1st period - Justin Braun is hit by Marc Staal and loses puck.
1:55 of 1st period - Wrist shot by Teuvo Teravainen.
1:55 of 1st period - Shot Hit the Post.
3:28 of 1st period - Brendan Gallagher is hit by Michael Raffl and loses puck.
4:09 of 1st period - Snap shot by Brendan Gallagher.
4:09 of 1st period - Stopped by Darcy Kuemper without a rebound.
4:10 of 1st period - Brendan Gallagher wins face-off versus Dylan Larkin in Sharks zone.
4:11 of 1st period - Wrist shot by Mikko Rantanen.
4:11 of 1st period - Shot Blocked by Zach Werenski.
4:13 of 1st period - Wrist shot by Mikko Rantanen.
4:13 of 1st period - Stopped by Darcy Kuemper without a rebound.
4:14 of 1st period - Sidney Crosby wins face-off versus Adam Henrique in Sharks zone.
4:19 of 1st period - Snap shot by Jonathan Huberdeau.
4:19 of 1st period - Shot Misses the Net.
4:21 of 1st period - Snap shot by Jonathan Huberdeau.
4:21 of 1st period - Stopped by Jaroslav Halak with a rebound.
4:23 of 1st period - Slapshot by Alex Pietrangelo.
4:23 of 1st period - Stopped by Jaroslav Halak with a rebound.
4:25 of 1st period - Slapshot by Alex Pietrangelo.
4:25 of 1st period - Shot Blocked by Derrick Pouliot.
4:27 of 1st period - Snap shot by Alex Pietrangelo.
4:27 of 1st period - Stopped by Jaroslav Halak without a rebound.
4:28 of 1st period - Boone Jenner wins face-off versus Adam Henrique in Stars zone.
4:31 of 1st period - Slapshot by Robert Thomas.
4:31 of 1st period - Stopped by Jaroslav Halak with a rebound.
4:42 of 1st period - Snap shot by Mikko Rantanen.
4:42 of 1st period - Shot Blocked by Mark Borowiecki.
4:54 of 1st period - Chris Tanev is hit by Alex Pietrangelo.
5:27 of 1st period - Snap shot by Gabriel Landeskog.
5:27 of 1st period - Shot Misses the Net.
5:43 of 1st period - Slapshot by Brandon Sutter.
5:43 of 1st period - Shot Blocked by Shea Theodore.
6:50 of 1st period - Justin Braun is hit by Alec Martinez and loses puck.
7:03 of 1st period - Slapshot by Mikko Rantanen.
7:03 of 1st period - Shot Blocked by Mark Borowiecki.
7:09 of 1st period - Mark Borowiecki is hit by Adam Henrique and loses puck.
7:22 of 1st period - Paul Byron is hit by Gabriel Landeskog.
7:54 of 1st period - Snap shot by Richard Panik.
7:54 of 1st period - Shot Misses the Net.
9:14 of 1st period - Snap shot by Zach Werenski.
9:14 of 1st period - Shot Blocked by Thomas Chabot.
9:16 of 1st period - Slapshot by Justin Braun.
9:16 of 1st period - Shot Misses the Net.
9:33 of 1st period - Dylan Strome is hit by Justin Braun and loses puck.
10:00 of 1st period - Alec Martinez is hit by Dylan Larkin and loses puck.
10:11 of 1st period - Alex Pietrangelo is hit by Paul Byron and loses puck.
10:41 of 1st period - Minor Penalty to Thomas Chabot for Roughing.
10:42 of 1st period - Sidney Crosby wins face-off versus Ryan Strome in Stars zone.
11:15 of 1st period - Marc Staal is hit by Boone Jenner and loses puck.
11:20 of 1st period - Snap shot by Teuvo Teravainen.
11:20 of 1st period - Stopped by Jaroslav Halak with a rebound.
12:13 of 1st period - Shea Theodore is hit by Brendan Gallagher and loses puck.
12:41 of 1st period - Penalty to Thomas Chabot is over, Thomas Chabot is back on ice.
13:29 of 1st period - Justin Braun is hit by Brendan Gallagher and loses puck.
13:45 of 1st period - Off-side.
13:46 of 1st period - Andreas Johnsson wins face-off versus J.T. Compher in neutral zone.
13:54 of 1st period - Slapshot by Mark Borowiecki.
13:54 of 1st period - Stopped by Jaroslav Halak with a rebound.
13:56 of 1st period - Snap shot by Andreas Johnsson.
13:56 of 1st period - Shot Blocked by J.T. Compher.
13:58 of 1st period - Slapshot by Alex Pietrangelo.
13:58 of 1st period - Shot Blocked by Paul Byron.
14:56 of 1st period - Wrist shot by Sidney Crosby.
14:56 of 1st period - Deflect By Jonathan Huberdeau.
14:56 of 1st period - Shot Misses the Net.
14:56 of 1st period - Puck is out of play.
14:57 of 1st period - Joe Thornton wins face-off versus Sidney Crosby in Stars zone.
15:58 of 1st period - Snap shot by Sidney Crosby.
15:58 of 1st period - Stopped by Jaroslav Halak with a rebound.
16:00 of 1st period - Slapshot by Shea Theodore.
16:00 of 1st period - Shot Blocked by Thomas Chabot.
16:02 of 1st period - Slapshot by Sidney Crosby.
16:02 of 1st period - Shot Misses the Net.
16:16 of 1st period - Snap shot by Jonathan Huberdeau.
16:16 of 1st period - Stopped by Jaroslav Halak with a rebound.
16:18 of 1st period - Wrist shot by Jonathan Huberdeau.
16:18 of 1st period - Stopped by Jaroslav Halak with a rebound.
16:20 of 1st period - Snap shot by Jonathan Huberdeau.
16:20 of 1st period - Stopped by Jaroslav Halak without a rebound.
16:21 of 1st period - Boone Jenner wins face-off versus Adam Henrique in Stars zone.
16:26 of 1st period - Wrist shot by Boone Jenner.
16:26 of 1st period - Stopped by Jaroslav Halak without a rebound.
16:27 of 1st period - Adam Henrique wins face-off versus Boone Jenner in Stars zone.
16:33 of 1st period - Off-side.
16:34 of 1st period - Dylan Larkin wins face-off versus Adam Henrique in neutral zone.
16:43 of 1st period - Backhand shot by Mikko Rantanen.
16:43 of 1st period - Stopped by Darcy Kuemper with a rebound.
16:45 of 1st period - Wrist shot by Brendan Gallagher.
16:45 of 1st period - Goal by Brendan Gallagher - Stars : 1 - Sharks : 0.
16:46 of 1st period - Mikko Rantanen wins face-off versus Boone Jenner in neutral zone.
17:01 of 1st period - Snap shot by Boone Jenner.
17:01 of 1st period - Stopped by Jaroslav Halak with a rebound.
17:25 of 1st period - Wrist shot by Teuvo Teravainen.
17:25 of 1st period - Shot Misses the Net.
17:27 of 1st period - Slapshot by Mark Borowiecki.
17:27 of 1st period - Shot Blocked by Ryan Strome.
17:29 of 1st period - Snap shot by Dylan Larkin.
17:29 of 1st period - Shot Misses the Net.
18:00 of 1st period - Chris Tanev is hit by Michael Raffl and loses puck.
18:07 of 1st period - Snap shot by Brendan Gaunce.
18:07 of 1st period - Shot Misses the Net.
18:12 of 1st period - Off-side.
18:13 of 1st period - Dylan Larkin wins face-off versus Adam Henrique in neutral zone.
18:38 of 1st period - Gabriel Landeskog is hit by Marc Staal and loses puck.
19:01 of 1st period - Wrist shot by Sidney Crosby.
19:01 of 1st period - Shot Misses the Net.
19:07 of 1st period - Shea Theodore is hit by Sam Lafferty and loses puck.
19:16 of 1st period - Marc Staal is hit by Boone Jenner and loses puck.
Goals for this period are 1 for Stars vs 0 for Sharks.
Shots for this period are 4 for Stars vs 12 for Sharks.

2nd period


0:01 of 2nd period - Boone Jenner wins face-off versus Adam Henrique in neutral zone.
0:16 of 2nd period - Boone Jenner is hit by Brendan Gallagher and loses puck.
0:31 of 2nd period - Snap shot by Boone Jenner.
0:31 of 2nd period - Deflect By Teuvo Teravainen.
0:31 of 2nd period - Shot Misses the Net.
0:31 of 2nd period - Puck is out of play.
0:32 of 2nd period - Dylan Larkin wins face-off versus J.T. Compher in Stars zone.
0:37 of 2nd period - Slapshot by Teuvo Teravainen.
0:37 of 2nd period - Goal by Teuvo Teravainen - Stars : 1 - Sharks : 1.
0:38 of 2nd period - Adam Henrique wins face-off versus Sidney Crosby in neutral zone.
0:40 of 2nd period - Off-side.
0:41 of 2nd period - Sidney Crosby wins face-off versus Adam Henrique in neutral zone.
0:43 of 2nd period - Off-side.
0:44 of 2nd period - Adam Henrique wins face-off versus Sidney Crosby in neutral zone.
1:10 of 2nd period - Off-side.
1:11 of 2nd period - J.T. Compher wins face-off versus Dylan Larkin in neutral zone.
1:43 of 2nd period - Wrist shot by Brendan Gallagher.
1:43 of 2nd period - Shot Misses the Net.
2:19 of 2nd period - Snap shot by J.T. Compher.
2:19 of 2nd period - Shot Blocked by Alex Pietrangelo.
2:35 of 2nd period - Mikko Rantanen is hit by Dylan Larkin and loses puck.
2:59 of 2nd period - Adam Henrique is hit by Shea Theodore and loses puck.
3:04 of 2nd period - Snap shot by Robert Thomas.
3:04 of 2nd period - Stopped by Jaroslav Halak without a rebound.
3:05 of 2nd period - Boone Jenner wins face-off versus J.T. Compher in Stars zone.
3:07 of 2nd period - Minor Penalty to Mike Green for Roughing.
3:08 of 2nd period - Sidney Crosby wins face-off versus Ryan Strome in Stars zone.
3:13 of 2nd period - Slapshot by Shea Theodore.
3:13 of 2nd period - Shot Misses the Net.
3:15 of 2nd period - Wrist shot by Gabriel Landeskog.
3:15 of 2nd period - Shot Blocked by Thomas Chabot.
4:40 of 2nd period - Dylan Larkin is hit by Marc Staal and loses puck.
5:07 of 2nd period - Penalty to Mike Green is over, Mike Green is back on ice.
5:23 of 2nd period - Wrist shot by Dylan Strome.
5:23 of 2nd period - Shot Misses the Net.
6:06 of 2nd period - Mirco Mueller is hit by Ryan Strome and loses puck.
6:11 of 2nd period - Snap shot by J.T. Compher.
6:11 of 2nd period - Stopped by Darcy Kuemper with a rebound.
6:13 of 2nd period - Wrist shot by Thomas Chabot.
6:13 of 2nd period - Stopped by Darcy Kuemper without a rebound.
6:14 of 2nd period - Dylan Strome wins face-off versus Sidney Crosby in Sharks zone.
6:17 of 2nd period - Snap shot by Dylan Strome.
6:17 of 2nd period - Shot Misses the Net.
6:19 of 2nd period - Snap shot by Derrick Pouliot.
6:19 of 2nd period - Stopped by Darcy Kuemper with a rebound.
6:21 of 2nd period - Slapshot by Thomas Chabot.
6:21 of 2nd period - Stopped by Darcy Kuemper with a rebound.
6:23 of 2nd period - Snap shot by Sam Lafferty.
6:23 of 2nd period - Shot Blocked by Gabriel Landeskog.
6:39 of 2nd period - Justin Braun is hit by J.T. Compher and loses puck.
6:48 of 2nd period - Icing by Teuvo Teravainen.
6:49 of 2nd period - Brendan Gallagher wins face-off versus Dylan Larkin in Sharks zone.
6:52 of 2nd period - Snap shot by Brendan Gallagher.
6:52 of 2nd period - Shot Blocked by Mark Borowiecki.
6:54 of 2nd period - Slapshot by Chris Tanev.
6:54 of 2nd period - Stopped by Darcy Kuemper with a rebound.
6:56 of 2nd period - Snap shot by Chris Tanev.
6:56 of 2nd period - Shot Misses the Net.
7:14 of 2nd period - Teuvo Teravainen is hit by Thomas Chabot.
8:22 of 2nd period - Wrist shot by Mikko Rantanen.
8:22 of 2nd period - Stopped by Darcy Kuemper with a rebound.
8:24 of 2nd period - Snap shot by Adam Henrique.
8:24 of 2nd period - Stopped by Darcy Kuemper with a rebound.
8:26 of 2nd period - Slapshot by Alec Martinez.
8:26 of 2nd period - Stopped by Darcy Kuemper with a rebound.
8:28 of 2nd period - Slapshot by Derrick Pouliot.
8:28 of 2nd period - Stopped by Darcy Kuemper without a rebound.
8:29 of 2nd period - J.T. Compher wins face-off versus Boone Jenner in Sharks zone.
8:32 of 2nd period - Snap shot by Ryan Strome.
8:32 of 2nd period - Stopped by Darcy Kuemper with a rebound.
8:41 of 2nd period - Minor Penalty to Ryan Strome for Kneeing.
8:42 of 2nd period - Sidney Crosby wins face-off versus Joe Thornton in Stars zone.
8:43 of 2nd period - Snap shot by Gabriel Landeskog.
8:43 of 2nd period - Stopped by Jaroslav Halak without a rebound.
8:44 of 2nd period - Joe Thornton wins face-off versus Sidney Crosby in Stars zone.
10:41 of 2nd period - Penalty to Ryan Strome is over, Ryan Strome is back on ice.
11:04 of 2nd period - Mike Green is hit by Shea Theodore and loses puck.
11:57 of 2nd period - Wrist shot by Brendan Gallagher.
11:57 of 2nd period - Stopped by Darcy Kuemper without a rebound.
11:58 of 2nd period - Adam Henrique wins face-off versus Sidney Crosby in Sharks zone.
11:59 of 2nd period - Snap shot by Mikko Rantanen.
11:59 of 2nd period - Deflect By Sidney Crosby.
11:59 of 2nd period - Shot Misses the Net.
11:59 of 2nd period - Puck is out of play.
12:00 of 2nd period - Adam Henrique wins face-off versus Sidney Crosby in Sharks zone.
12:07 of 2nd period - Snap shot by Mikko Rantanen.
12:07 of 2nd period - Stopped by Darcy Kuemper with a rebound.
12:52 of 2nd period - Slapshot by Brendan Gallagher.
12:52 of 2nd period - Shot Misses the Net.
12:58 of 2nd period - Brendan Gallagher is hit by Jonathan Huberdeau and loses puck.
13:19 of 2nd period - Wrist shot by Brendan Gallagher.
13:19 of 2nd period - Shot Misses the Net.
13:29 of 2nd period - Wrist shot by Sidney Crosby.
13:29 of 2nd period - Stopped by Jaroslav Halak without a rebound.
13:30 of 2nd period - J.T. Compher wins face-off versus Kenny Agostino in Stars zone.
14:15 of 2nd period - Snap shot by Ryan Strome.
14:15 of 2nd period - Shot Misses the Net.
14:21 of 2nd period - Snap shot by J.T. Compher.
14:21 of 2nd period - Shot Blocked by Boone Jenner.
14:23 of 2nd period - Slapshot by Mike Green.
14:23 of 2nd period - Shot Blocked by Mark Borowiecki.
14:25 of 2nd period - Slapshot by Mike Green.
14:25 of 2nd period - Shot Misses the Net.
14:27 of 2nd period - Slapshot by J.T. Compher.
14:27 of 2nd period - Shot Misses the Net.
14:29 of 2nd period - Slapshot by Paul Byron.
14:29 of 2nd period - Stopped by Darcy Kuemper without a rebound.
14:30 of 2nd period - Dylan Strome wins face-off versus Dylan Larkin in Sharks zone.
15:45 of 2nd period - Sam Lafferty is hit by Michael Raffl.
15:52 of 2nd period - Icing by Alec Martinez.
15:53 of 2nd period - Dylan Larkin wins face-off versus J.T. Compher in Stars zone.
16:21 of 2nd period - Icing by Robert Thomas.
16:22 of 2nd period - Boone Jenner wins face-off versus Adam Henrique in Sharks zone.
16:22 of 2nd period - Boone Jenner is hit by Adam Henrique.
16:28 of 2nd period - Slapshot by Boone Jenner.
16:28 of 2nd period - Shot Blocked by Mikko Rantanen.
16:30 of 2nd period - Snap shot by Boone Jenner.
16:30 of 2nd period - Goal by Boone Jenner - Stars : 1 - Sharks : 2.
16:31 of 2nd period - Adam Henrique wins face-off versus Sidney Crosby in neutral zone.
16:56 of 2nd period - Thomas Chabot is hit by Andreas Johnsson and loses puck.
17:03 of 2nd period - Snap shot by Teuvo Teravainen.
17:03 of 2nd period - Stopped by Jaroslav Halak with a rebound.
17:05 of 2nd period - Slapshot by Mark Borowiecki.
17:05 of 2nd period - Stopped by Jaroslav Halak without a rebound.
17:06 of 2nd period - Dylan Larkin wins face-off versus Adam Henrique in Stars zone.
17:33 of 2nd period - Mark Borowiecki is hit by Mike Green and loses puck.
17:51 of 2nd period - Off-side.
17:52 of 2nd period - Dylan Strome wins face-off versus Boone Jenner in neutral zone.
18:07 of 2nd period - Slapshot by Dylan Strome.
18:07 of 2nd period - Shot Misses the Net.
18:19 of 2nd period - Mikko Rantanen is hit by Justin Braun and loses puck.
19:37 of 2nd period - Icing by Mark Borowiecki.
19:38 of 2nd period - Dylan Larkin wins face-off versus Mikko Rantanen in Sharks zone.
19:54 of 2nd period - Off-side.
19:55 of 2nd period - Robert Thomas wins face-off versus J.T. Compher in neutral zone.
Goals for this period are 0 for Stars vs 2 for Sharks.
Shots for this period are 13 for Stars vs 7 for Sharks.

3rd period


0:01 of 3rd period - Adam Henrique wins face-off versus Dylan Larkin in neutral zone.
0:40 of 3rd period - Snap shot by J.T. Compher.
0:40 of 3rd period - Stopped by Darcy Kuemper without a rebound.
0:41 of 3rd period - Sidney Crosby wins face-off versus J.T. Compher in Sharks zone.
0:46 of 3rd period - Wrist shot by Ryan Strome.
0:46 of 3rd period - Deflect By Alex Pietrangelo.
0:46 of 3rd period - Stopped by Darcy Kuemper without a rebound.
0:47 of 3rd period - Sidney Crosby wins face-off versus J.T. Compher in Sharks zone.
1:46 of 3rd period - Snap shot by Boone Jenner.
1:46 of 3rd period - Stopped by Jaroslav Halak with a rebound.
1:48 of 3rd period - Wrist shot by Boone Jenner.
1:48 of 3rd period - Shot Misses the Net.
1:50 of 3rd period - Snap shot by Zach Werenski.
1:50 of 3rd period - Shot Blocked by Paul Byron.
2:40 of 3rd period - Snap shot by Joe Thornton.
2:40 of 3rd period - Stopped by Darcy Kuemper without a rebound.
2:41 of 3rd period - Adam Henrique wins face-off versus Sidney Crosby in Sharks zone.
3:32 of 3rd period - Snap shot by Jonathan Huberdeau.
3:32 of 3rd period - Shot Misses the Net.
3:34 of 3rd period - Snap shot by Jonathan Huberdeau.
3:34 of 3rd period - Shot Misses the Net.
3:36 of 3rd period - Slapshot by Mark Borowiecki.
3:36 of 3rd period - Deflect By Gabriel Landeskog.
3:36 of 3rd period - Stopped by Jaroslav Halak without a rebound.
3:37 of 3rd period - Boone Jenner wins face-off versus Mikko Rantanen in Stars zone.
4:40 of 3rd period - Slapshot by Alan Quine.
4:40 of 3rd period - Shot Misses the Net.
4:42 of 3rd period - Snap shot by Brandon Sutter.
4:42 of 3rd period - Shot Misses the Net.
4:44 of 3rd period - Wrist shot by Joe Thornton.
4:44 of 3rd period - Stopped by Darcy Kuemper without a rebound.
4:45 of 3rd period - Dylan Larkin wins face-off versus Joe Thornton in Sharks zone.
4:52 of 3rd period - Snap shot by Dylan Larkin.
4:52 of 3rd period - Shot Misses the Net.
4:54 of 3rd period - Backhand shot by Mark Borowiecki.
4:54 of 3rd period - Deflect By Teuvo Teravainen.
4:54 of 3rd period - Shot Misses the Net.
4:54 of 3rd period - Puck is out of play.
4:55 of 3rd period - Adam Henrique wins face-off versus Dylan Larkin in Stars zone.
5:02 of 3rd period - Mikko Rantanen is hit by Mark Borowiecki and loses puck.
5:27 of 3rd period - Snap shot by Ryan Strome.
5:27 of 3rd period - Goal by Ryan Strome - Stars : 2 - Sharks : 2.
5:28 of 3rd period - Boone Jenner wins face-off versus Adam Henrique in neutral zone.
5:33 of 3rd period - Slapshot by Kenny Agostino.
5:33 of 3rd period - Stopped by Jaroslav Halak with a rebound.
5:46 of 3rd period - Kenny Agostino is hit by Adam Henrique and loses puck.
6:24 of 3rd period - J.T. Compher is hit by Sidney Crosby and loses puck.
6:59 of 3rd period - Snap shot by Dylan Strome.
6:59 of 3rd period - Deflect By Richard Panik.
6:59 of 3rd period - Shot Misses the Net.
6:59 of 3rd period - Puck is out of play.
7:00 of 3rd period - Dylan Strome wins face-off versus Boone Jenner in Sharks zone.
7:28 of 3rd period - Wrist shot by Richard Panik.
7:28 of 3rd period - Shot Misses the Net.
7:30 of 3rd period - Snap shot by Thomas Chabot.
7:30 of 3rd period - Stopped by Darcy Kuemper without a rebound.
7:31 of 3rd period - Sidney Crosby wins face-off versus Brendan Gallagher in Sharks zone.
7:31 of 3rd period - Sidney Crosby is hit by Chris Tanev.
7:38 of 3rd period - Icing by Chris Tanev.
7:39 of 3rd period - Adam Henrique wins face-off versus Sidney Crosby in Stars zone.
8:08 of 3rd period - Wrist shot by Robert Thomas.
8:08 of 3rd period - Stopped by Jaroslav Halak with a rebound.
10:51 of 3rd period - Icing by Mike Green.
10:52 of 3rd period - Dylan Strome wins face-off versus Boone Jenner in Stars zone.
11:25 of 3rd period - Marc Staal is hit by Mark Borowiecki and loses puck.
12:06 of 3rd period - Snap shot by Brendan Gallagher.
12:06 of 3rd period - Stopped by Darcy Kuemper with a rebound.
12:08 of 3rd period - Slapshot by Alec Martinez.
12:08 of 3rd period - Deflect By Adam Henrique.
12:08 of 3rd period - Shot Misses the Net.
12:08 of 3rd period - Puck is out of play.
12:09 of 3rd period - J.T. Compher wins face-off versus Sidney Crosby in Sharks zone.
13:20 of 3rd period - Snap shot by Richard Panik.
13:20 of 3rd period - Stopped by Darcy Kuemper with a rebound.
13:24 of 3rd period - Wrist shot by Richard Panik.
13:24 of 3rd period - Deflect By Dylan Strome.
13:24 of 3rd period - Stopped by Darcy Kuemper with a rebound.
13:55 of 3rd period - Off-side.
13:56 of 3rd period - J.T. Compher wins face-off versus Dylan Larkin in neutral zone.
13:59 of 3rd period - Slapshot by Thomas Chabot.
13:59 of 3rd period - Deflect By Dylan Larkin.
13:59 of 3rd period - Stopped by Darcy Kuemper with a rebound.
14:01 of 3rd period - Wrist shot by Paul Byron.
14:01 of 3rd period - Shot Blocked by Andreas Johnsson.
14:03 of 3rd period - Slapshot by Chris Tanev.
14:03 of 3rd period - Shot Misses the Net.
14:05 of 3rd period - Snap shot by Paul Byron.
14:05 of 3rd period - Stopped by Darcy Kuemper with a rebound.
14:07 of 3rd period - Snap shot by Paul Byron.
14:07 of 3rd period - Stopped by Darcy Kuemper without a rebound.
14:08 of 3rd period - Adam Henrique wins face-off versus Boone Jenner in Sharks zone.
14:46 of 3rd period - Paul Byron is hit by Mark Borowiecki and loses puck.
14:59 of 3rd period - Marc Staal is hit by Dylan Larkin and loses puck.
15:26 of 3rd period - Boone Jenner is hit by Mike Green and loses puck.
15:48 of 3rd period - Zach Werenski is hit by Ryan Strome.
16:29 of 3rd period - Dylan Larkin is hit by Chris Tanev and loses puck.
16:44 of 3rd period - Shea Theodore is hit by Thomas Chabot and loses puck.
18:20 of 3rd period - Off-side.
18:21 of 3rd period - Adam Henrique wins face-off versus Jonathan Huberdeau in neutral zone.
18:24 of 3rd period - Backhand shot by Thomas Chabot.
18:24 of 3rd period - Shot Misses the Net.
18:26 of 3rd period - Slapshot by Chris Tanev.
18:26 of 3rd period - Stopped by Darcy Kuemper without a rebound.
18:27 of 3rd period - Dylan Strome wins face-off versus Sidney Crosby in Sharks zone.
18:32 of 3rd period - Wrist shot by Richard Panik.
18:32 of 3rd period - Stopped by Darcy Kuemper with a rebound.
18:34 of 3rd period - Wrist shot by Dylan Strome.
18:34 of 3rd period - Stopped by Darcy Kuemper with a rebound.
18:36 of 3rd period - Backhand shot by Mike Green.
18:36 of 3rd period - Shot Misses the Net.
18:38 of 3rd period - Slapshot by Dylan Strome.
18:38 of 3rd period - Shot Misses the Net.
19:38 of 3rd period - Wrist shot by Joe Thornton.
19:38 of 3rd period - Shot Misses the Net.
19:50 of 3rd period - Slapshot by Jonathan Huberdeau.
19:50 of 3rd period - Shot Blocked by Marc Staal.
19:52 of 3rd period - Snap shot by Jonathan Huberdeau.
19:52 of 3rd period - Shot Misses the Net.
Goals for this period are 1 for Stars vs 0 for Sharks.
Shots for this period are 15 for Stars vs 4 for Sharks.

Overtime #1


0:01 of 1st overtime period - Sidney Crosby wins face-off versus Ryan Strome in neutral zone.
1:16 of 1st overtime period - Marc Staal is hit by Sidney Crosby and loses puck.
1:29 of 1st overtime period - Slapshot by Jonathan Huberdeau.
1:29 of 1st overtime period - Shot Blocked by Brendan Gallagher.
1:31 of 1st overtime period - Snap shot by Jonathan Huberdeau.
1:31 of 1st overtime period - Goal by Jonathan Huberdeau - Stars : 2 - Sharks : 3.
Goals for this period are 0 for Stars vs 1 for Sharks.
Shots for this period are 0 for Stars vs 1 for Sharks. Output by the SimonT Hockey Simulator (STHS) for Eric Tremblay - Original Page W3C HTML5 Valid
Hockey Simulator - Hockey Simulation - Hockey Manager